 Dungeon Crawl Stone Soup version 0.21-a0-625-g1119ec1 (webtiles) character file.

35 tof the Slasher (level 3, 0/33 HPs)
             Began as a Minotaur Monk on Dec 24, 2017.
             Slain by a worker ant (1 damage)
             ... on level 2 of the Dungeon.
             The game lasted 00:01:06 (1061 turns).

tof the Slasher (Minotaur Monk)                     Turns: 1061, Time: 00:01:07

Health: 0/33       AC:  3    Str: 14 (15) XL:     3   Next: 16%
Magic:  2/2        EV: 12    Int:  6 (7)  God:
Gold:   63         SH:  0    Dex: 12 (13) Spells: 2/2 levels left

rFire    . . .     SeeInvis .   a - +0 falchion
rCold    . . .     Gourm    .   (no shield)
rNeg     . . .     Faith    .   h - +0 leather armour
rPois    .         Spirit   .   (helmet restricted)
rElec    .         Reflect  .   (no cloak)
rCorr    .         Harm     .   (no gloves)
MR       .....                  (no boots)
Stlth    +.........             (no amulet)
HPRegen  0.11/turn              (no ring)
MPRegen  0.08/turn              (no ring)

@: lethally poisoned (0 -> -4), hasted, very quick
A: retaliatory headbutt, horns 2
a: no special abilities


You were on level 2 of the Dungeon.
You were hungry.

You visited 1 branch of the dungeon, and saw 2 of its levels.

You collected 63 gold pieces.

Inventory:

Hand Weapons
 a - a +0 falchion (weapon)
Missiles
 g - 15 poisoned needles
Armour
 b - a +0 robe
 h - a +0 leather armour (worn)
Scrolls
 e - a scroll of identify {unknown}
 i - a scroll of random uselessness {unknown}
 k - a scroll of blinking {unknown}
Potions
 j - a potion of haste
Comestibles
 c - 2 rations
 f - 8 chunks of flesh


   Skills:
 + Level 4.0 Fighting
 * Level 4.3 Long Blades
 + Level 1.0 Throwing
 + Level 1.3 Armour
 - Level 3.2 Dodging
 - Level 1.5 Stealth


You had 2 spell levels left.
You didn't know any spells.

Dungeon Overview and Level Annotations

Branches:
Dungeon (2/15)

Altars:


Innate Abilities, Weirdness & Mutations

You reflexively headbutt those who attack you in melee.
You have a pair of horns on your head.


Message History

You hit the worker ant but do no damage.
The worker ant is severely wounded.
The worker ant closely misses you.
It was a potion of degeneration.
There was something very wrong with that liquid.
You feel weakened.
You feel dopey.
You feel clumsy.
* * * LOW HITPOINT WARNING * * *
You feel sick. The worker ant closely misses you.
It was a potion of haste.
You feel yourself speed up. The worker ant bites you.
* * * LOW HITPOINT WARNING * * *
You hit the worker ant.
The worker ant is severely wounded.
* * * LOW HITPOINT WARNING * * *
You feel sick.
The worker ant bites you but does no damage.
You are feeling hungry.
You closely miss the worker ant. You headbutt the worker ant.
The worker ant is almost dead.
The worker ant bites you.
You die...

.. ..## [. ...# .###..>#
..... ...##
..#...##..... ...####
#.##.........
......####..?...#....
###............(.....##
#.....##..............##
..#.####........$......#
##.............a@......#
....####..(............#
###.# #...[...........#
.##.# #...............#
....# #...............#
#.... ..#.............##
.... .........#.....##
..... #.......##### ..


You could see a worker ant.

Vanquished Creatures
  An ooze (D:2)
  3 leopard geckos
  2 ball pythons (D:1)
  4 giant cockroaches
  2 goblins (D:1)
  3 hobgoblins
  A kobold (D:1)
  3 bats
  2 frilled lizards (D:1)
  3 rats (D:1)
24 creatures vanquished.

Notes
Turn   | Place    | Note
-------+----------+-------------------------------------------
     0 | D:1      | tof the Minotaur Monk began the quest for the Orb.
     0 | D:1      | Reached XP level 1. HP: 19/19 MP: 0/0
   229 | D:1      | Reached XP level 2. HP: 21/27 MP: 1/1
   529 | D:1      | Reached skill level 1 in Armour
   870 | D:2      | Reached skill level 1 in Throwing
   878 | D:2      | Reached XP level 3. HP: 28/33 MP: 2/2
  1060 | D:2      | HP: 1/33 [poisoned by a worker ant]
  1061 | D:2      | Slain by a worker ant

Vault maps used:
D:1:      roderic_chinese_lattice_arrival

Skill      XL: |  1  2 |
---------------+-------+-----
Long Blades    | 4 |  4.3
Armour         | 1 |  1.3
Fighting       | 4 |  4.0
Throwing       | 1 |  1.0
Dodging        | |  3.2
Stealth        | |  1.5

Action                   || total
-------------------------++-------
Melee: Falchion          ||    57
       Headbutt          ||    11
  Use: Potion            ||     2
 Stab: Sleeping          ||     4
Armor: Robe              ||     5
       Leather armour    ||    11
Dodge: Dodged            ||    43
       Rpst.: Falchion   ||     9

Table legend:
 A = Spawn XP
 B = Non-spawn XP
 C = Spawn XP percentage of total XP
 D = Spawn monster count
 E = Non-spawn monster count
 F = Spawn count percentage of total count
 G = Total turns spent on level
                    A         B        C        D         E        F      G
               +---------+---------+-------+---------+---------+-------+---------
         Total |       0 |      50 |   0.0 |       0 |      24 |   0.0 |  1061
               +---------+---------+-------+---------+---------+-------+---------
           D:1 |       0 |      27 |   0.0 |       0 |      16 |   0.0 |   858
           D:2 |       0 |      23 |   0.0 |       0 |       8 |   0.0 |   203
               +---------+---------+-------+---------+---------+-------+---------
